 Dungeon Sprint DCSS version 0.30-a0-715-gdb4ae3ece1 (webtiles) character file.

Game seed: 13202554748627465890

2458 Hubris850 the Grappler (level 9, -6/101 HPs)
             Began as a Troll Berserker on Jan 24, 2023.
             Was the Champion of Trog.
             Mangled by a red devil
             ... wielding a +0 trident
              (7 damage)
             ... in the Dungeon (Sprint VII: "The Pits").
             The game lasted 00:05:16 (608 turns).

Hubris850 the Grappler (Troll Berserker)             Turns: 608, Time: 00:05:17

Health: -6/101     AC:  8    Str: 29    XL:     9   Next: 26%
Magic:  8/8        EV: 14    Int:  3    God:    Trog [******]
Gold:   0          SH:  0    Dex: 14    Spells: 8/8 levels left

rFire   . . .      SeeInvis .      - Unarmed
rCold   . . .      Faith    .    (no shield)
rNeg    . . .      Spirit   .    a - +0 animal skin
rPois   .          Reflect  .    (helmet restricted)
rElec   .          Harm     .    n - +0 cloak
rCorr   .          Rampage  .    (gloves unavailable)
Will    ++...      NoTele   +    (boots unavailable)
Stlth   +                        (no amulet)
HPRegen 2.16/turn                l - +3 ring of protection
MPRegen 0.11/turn                m - +3 ring of dexterity

@: confused, strong-willed (expiring), spiked, on berserk cooldown, regenerating
(expiring), hasted and slowed
A: large, unfitting armour, claws 3, regeneration 1, shaggy fur 1, tough skin 1
a: Renounce Religion, Berserk, Trog's Hand, Brothers in Arms


You were in the Dungeon.
You worshipped Trog.
Trog was exalted by your worship.
You visited 1 branch

Inventory:

Hand Weapons
 j - a +2 long sword of flaming
 k - a +6 heavy dire flail
Armour
 a - a +0 animal skin (worn)
 n - a +0 cloak (worn)
Jewellery
 l - a +3 ring of protection (left claw)
 m - a +3 ring of dexterity (right claw)
Scrolls
 g - a scroll of blinking
 i - a scroll of butterflies
Potions
 b - 7 potions of curing
 c - 8 potions of heal wounds
 d - 3 potions of haste
 e - 4 potions of magic
 f - 3 potions of berserk rage
 h - a potion of invisibility


   Skills:
 + Level 9.7 Fighting
 + Level 9.8 Dodging
 + Level 14.7 Unarmed Combat


You had 8 spell levels left.
You didn't know any spells.
Your spell library was empty.

Dungeon Overview and Level Annotations

Branches:
Dungeon (1/1)

Altars:


Innate Abilities, Weirdness & Mutations

You are too large for most types of armour.
You have claws for hands.
Your natural rate of healing is unusually fast.
You are covered in fur. (AC +1)
You have tough skin. (AC +1)


Message History

The tarantella misses you.
You bump into the metal wall.
The tarantella misses you.
The red devil hits you from afar with a +0 trident.
Barbed spikes become lodged in your body.
The barbed spikes dig painfully into your body as you move.
You feel a strong urge to attack something.
You bump into the metal wall.
You are no longer berserk.
You are exhausted.
You feel yourself slow down. The tarantella touches you.
The tarantella attacks as you move away!
The tarantella completely misses you.
The barbed spikes dig painfully into your body as you move.
The tarantella completely misses you.
Okay, then.
You eviscerate the tarantella!!!
You kill the tarantella!
Trog accepts your kill.
The death knight offers itself to Yredelemnul, and fills with unholy energy.
The steam dragon breathes steam at you.
The ball of steam hits the red devil.
The red devil resists.
The ball of steam hits you!!
The two-headed ogre hits you with a +0 giant spiked club!!
* * * LOW HITPOINT WARNING * * *
The two-headed ogre closely misses you.
Unknown command.
You feel much better.
The red devil hits you from afar with a +0 trident.
Barbed spikes become lodged in your body.
The two-headed ogre is engulfed in a cloud of scalding steam.
The two-headed ogre hits you with a +0 giant spiked club!!
* * * LOW HITPOINT WARNING * * *
The two-headed ogre misses you.
You feel yourself speed up.
You feel the effects of Trog's Hand fading.
The red devil hits you from afar with a +0 trident!!
* * * LOW HITPOINT WARNING * * *
Barbed spikes become lodged in your body.
The red devil hits you from afar with a +0 trident!
You die...

.#).#####'#####')######
##))##.......##))#
)#))##.......##))#
.#..##.......##))# #
.#'###...<...##..# .##
....##.......##..# ...#
....##.......##..## .....
######.......##§§§##......
.#..###########§@§4§p.....
.#.############§§O##D.....
.#.#....#!.[.##..## .....
##÷#....#..[[##..# ...#
.#)'....'..))##..# .##
.#'#....#..))##..# #
.'.#....#!!))##..#
##################


You could see a two-headed ogre and a red devil.

Vanquished Creatures
  A two-headed ogre (D)
  A tarantella (D)
  A vampire mosquito (D)
  Edmund (D)
  A water moccasin (D)
  A floating eye (D)
  An ice beast (D)
  A wolf (D)
  A necrophage (D)
  2 gnoll sergeants (D)
  A quasit (D)
  9 gnolls (D)
  An ufetubus (D)
  2 worms (D)
  An endoplasm (D)
  A giant cockroach (D)
  4 jackals (D)
  2 kobolds (D)
  A quokka (D)
  2 bats (D)
  2 rats (D)
37 creatures vanquished.

Vanquished Creatures (collateral kills)
  An elephant (D)
  A molten gargoyle (D)
  An ogre (D)
3 creatures vanquished.

Grand Total: 40 creatures vanquished

Notes
Turn   | Place    | Note
-------+----------+-------------------------------------------
     0 | D        | Hubris850 the Troll Berserker began the quest for the Orb.
     0 | D        | Reached XP level 1. HP: 22/22 MP: 0/0
    41 | D        | Reached ** piety under Trog
    42 | D        | Reached skill level 4 in Unarmed Combat
    58 | D        | Reached *** piety under Trog
    59 | D        | Reached skill level 5 in Unarmed Combat
    59 | D        | Reached XP level 2. HP: 28/29 MP: 1/1
    72 | D        | Noticed a floating eye
    78 | D        | Paralysed by a floating eye for 3 turns
    84 | D        | Killed a floating eye
    84 | D        | Reached **** piety under Trog
    85 | D        | Reached skill level 9 in Unarmed Combat
    85 | D        | Reached XP level 3. HP: 36/36 MP: 2/2
    85 | D        | Reached XP level 4. HP: 44/44 MP: 3/3
    91 | D        | Reached skill level 10 in Unarmed Combat
   150 | D        | Noticed a wolf
   159 | D        | Killed a wolf
   160 | D        | Reached XP level 5. HP: 41/54 MP: 4/4
   161 | D        | Reached ***** piety under Trog
   161 | D        | Noticed Edmund
   174 | D        | Killed Edmund
   175 | D        | Reached skill level 5 in Fighting
   175 | D        | Reached skill level 5 in Dodging
   175 | D        | Reached skill level 11 in Unarmed Combat
   175 | D        | Reached XP level 6. HP: 66/66 MP: 5/5
   240 | D        | Noticed a vampire mosquito
   243 | D        | Killed a vampire mosquito
   246 | D        | Noticed a water moccasin
   246 | D        | Noticed an ice beast
   253 | D        | Received a gift from Trog
   254 | D        | Reached skill level 12 in Unarmed Combat
   254 | D        | Reached XP level 7. HP: 72/75 MP: 6/6
   286 | D        | Noticed an elephant
   287 | D        | Noticed a molten gargoyle
   320 | D        | Killed an elephant
   321 | D        | Reached skill level 13 in Unarmed Combat
   321 | D        | Reached XP level 8. HP: 81/88 MP: 7/7
   324 | D        | Killed a molten gargoyle
   503 | D        | Noticed a two-headed ogre
   515 | D        | Killed a two-headed ogre
   516 | D        | Reached skill level 14 in Unarmed Combat
   516 | D        | Reached XP level 9. HP: 94/100 MP: 8/8
   518 | D        | Reached ****** piety under Trog
   592 | D        | Noticed a red devil
   592 | D        | Noticed a death knight
   592 | D        | Noticed a two-headed ogre
   608 | D        | HP: 1/101 [red devil/+0 trident (18)]
   608 | D        | Mangled by a red devil

Illustrated notes

Levels and vault maps discovered:
D:        pitsprint [storerooms_1, entrance_room_1, metal_vault_3, armoury_1,
          mini_pit_1, grid_room_1, main_hall_1, silver_pit, the_coven_1,
          the_vestibule_1, steel_vault_1, golden_pit, hallway_of_sentries,
          crystal_vault_4, iron_vault_3, final_vault]

Skill      XL: |  1  2  3  4  5  6  7  8 |
---------------+-------------------------+-----
Unarmed Combat | 5 9 10 11 12 13 14 | 14.7
Fighting       | 4 5 6 7 9 |  9.7
Dodging        | 3 5 6 7 9 |  9.8

Action                     |  1- 3 |  4- 6 |  7- 9 || total
---------------------------+-------+-------+-------++-------
  Melee: Unarmed           |    33 |    34 |    43 ||   110
         Punch             |       |     5 |     3 ||     8
 Invoke: Berserk           |       |     1 |     3 ||     4
         Brothers in Arms  |       |       |     1 ||     1
         Trog's Hand       |       |       |     1 ||     1
    Use: Potion            |       |       |     4 ||     4
 Armour: Animal skin       |    13 |    11 |     8 ||    32
  Dodge: Dodged            |    17 |    13 |    39 ||    69

Table legend: (Time is in decaauts)
 A = Elapsed time spent in this place.
 B = Non-inter-level travel time spent in this place.
 C = Inter-level travel time spent in this place.
 D = Time resting spent in this place.
 E = Time spent auto-exploring this place.
 F = Levels seen in this place.
 G = Mean time per level.
                   A        B        C        D        E       F      G
               +--------+--------+--------+--------+--------+-----+--------+
         Total |    613 |    566 |     47 |    155 |      0 |   1 |  613.0 |
       Dungeon |    613 |    566 |     47 |    155 |      0 |   1 |  613.0 |
               +--------+--------+--------+--------+--------+-----+--------+

Top non-repeatable levels by time:
       D: 613 daAuts
